 Dungeon Crawl Stone Soup version 0.20.0-15-g7f486f2 (webtiles) character file.

30361 KleinerIrrer the Basher (level 13, -13/79 HPs)
             Began as a Gargoyle Fighter on June 27, 2017.
             Was the Champion of Okawaru.
             Mangled by a reaper
             ... wielding a +1 scythe of freezing
              (26 damage)
             ... in an ice cave.
             The game lasted 00:53:16 (14663 turns).

KleinerIrrer the Basher (Gargoyle Fighter)         Turns: 14663, Time: 00:53:17

Health: -13/79     AC: 30    Str: 33    XL:     13   Next: 51%
Magic:  14/19      EV: 16    Int:  9    God:    Okawaru [******]
Gold:   660        SH: 15    Dex:  9    Spells: 12/12 levels left

rFire    . . .     SeeInvis +   H - +5 whip (drain)
rCold    + + .     Gourm    .   c - +0 shield
rNeg     + . .     Faith    +   J - +4 ring mail
rPois    ∞         Spirit   .   G - +2 hat {SInv}
rElec    +         Reflect  .   z - +1 cloak {rC+}
rCorr    .         Harm     .   (no gloves)
MR       .....                  r - +2 pair of boots {run}
Stlth    ++........             g - amulet of faith
Regen    0.3/turn               K - +3 ring of strength
MPRegen  0.2/turn               j - ring of protection from cold

@: mighty, heroism, finesse, hasted, very quick
A: negative energy resistance 1, electricity resistance, unbreathing,
petrification resistance, rot immunity, AC +9
a: Heroism, Finesse, Renounce Religion


You were in an ice cave.
You worshipped Okawaru.
Okawaru was exalted by your worship.
You were not hungry.

You visited 2 branches of the dungeon, and saw 15 of its levels.
You also visited: Ossuary, Bailey and Ice Cave.

You collected 840 gold pieces.
You spent 180 gold pieces at shops.

Inventory:

Hand Weapons
 l - a +1 hand crossbow of flaming
 H - a +5 whip of draining (weapon)
Armour
 c - a +0 shield (worn)
 r - a +2 pair of boots of running (worn)
 z - a +1 cloak of cold resistance (worn)
 B - a scarf of repulsion
 D - a +1 helmet
 E - a +0 pair of boots
 G - a +2 hat of see invisible (worn)
 J - a +4 ring mail (worn)
 U - a scarf of resistance
Jewellery
 g - an amulet of faith (around neck)
 j - a ring of protection from cold (right hand)
 k - an uncursed ring of fire
 s - an uncursed ring of see invisible
 y - an uncursed ring of fire
 K - a +3 ring of strength (left hand)
Scrolls
 a - 2 scrolls of remove curse
 i - a scroll of identify
 m - 2 scrolls of blinking
 w - 2 scrolls of amnesia
 x - 5 scrolls of teleportation
 F - 3 scrolls of silence
 T - a scroll of fear
Potions
 b - 5 potions of agility
 e - 2 potions of cancellation
 h - 7 potions of flight
 o - 3 potions of berserk rage
 t - a potion of ambrosia {unknown}
 u - 4 potions of haste
 A - 5 potions of curing
 P - a potion of invisibility
 Q - 2 potions of resistance
Books
 q - a book of Necromancy

   Spells                             Type                      Level
   a - Pain                           Necromancy                   1
   b - Animate Skeleton               Necromancy                   1
   c - Vampiric Draining              Necromancy                   3
   d - Regeneration                   Charms/Necromancy            3
   e - Animate Dead                   Necromancy                   4
   f - Control Undead                 Necromancy                   4
 v - a book of Spatial Translocations

   Spells                             Type                      Level
   a - Blink                          Translocation                2
   b - Shroud of Golubria             Charms/Translocation         2
   c - Lesser Beckoning               Translocation                3
   d - Gell's Gravitas                Translocation                3
   e - Teleport Other                 Translocation                3
   f - Passage of Golubria            Translocation                4
Comestibles
 f - 4 bread rations
 n - 12 royal jellies
 p - 4 meat rations
 C - 4 fruits


   Skills:
 + Level 8.6(13.6) Fighting
 * Level 13.2(18.2) Maces & Flails
 * Level 11.0(16.0) Armour
 + Level 4.8(9.8) Dodging
 - Level 0.2(5.2) Stealth
 + Level 11.2(16.2) Shields
 * Level 8.8 Invocations


You had 12 spell levels left.
You didn't know any spells.

Dungeon Overview and Level Annotations

Branches:
Dungeon (15/15)            Temple (0/1) D:4            Lair (1/6) D:9
    Orc (0/2) D:9          Depths (0/5) D:15
 Vaults: D:13-14

Altars:
Hepliaklqana
Makhleb
Okawaru
Qazlal
Sif Muna
Uskayaw
Vehumet
Xom

Shops:
D:4 [   D:6 =(![


Innate Abilities, Weirdness & Mutations

You are resistant to torment.
Your stone body is resilient. (AC +9)
You are immune to poison.
You resist negative energy. (rN+)
You are resistant to electric shocks. (rElec)
You can survive without breathing.
You are immune to petrification.
You are immune to rotting.


Message History

The reaper freezes you.
* * * LOW HITPOINT WARNING * * *
You closely miss the reaper.
The reaper is severely wounded.
Okay, then.
You can now deal lightning-fast blows.
You feel very mighty all of a sudden. You block the reaper's attack.
You hit the reaper.
The reaper is severely wounded.
You hit the reaper but do no damage.
The reaper is severely wounded.
You hit the reaper.
The reaper is severely wounded.
You barely miss the reaper.
The reaper is severely wounded.
You barely miss the reaper.
The reaper is severely wounded.
The reaper hits you with a scythe of freezing!!
You die...

)} ##...## .. ##..∩..#
###.## #....... .....
## #...∩... ...##.##
##.....# § #......#
##...## §§ #....#####
##...# §§§
###§.#..###...##
#...##
§§§.§§....#.52@.....##
#...##
§..§§##......##......#
##...##
§§§≈..##......###....#
##...#
§§.§§§.#..§§§...#....#
##..#
#§§.§§.####§.##.....##
##..##
#§§§§§§§§§##§...###
#..## #§§§§§§§§§§.###
####..###
##.§§§§.§####
###.#....#.
###.§§######
###..........


You could see a reaper and an ufetubus.

Vanquished Creatures
  A hydra (D:14)
  Erica (D:8)
  3 two-headed ogres
  A tengu warrior (D:11)
  A vampire mage (D:15)
  2 skeletal warriors (D:15)
  The ghost of Toogi the Thaumaturge, a novice DEEE of Vehumet (Bailey)
  An unseen horror (shapeshifter) (D:14)
  Pikel (D:5)
  An orc knight (Bailey)
  9 ugly things
  A frost giant zombie (D:15)
  2 ice statues (IceCv)
  A gargoyle (D:14)
  A centaur skeleton (D:15)
  A kobold demonologist (D:11)
  9 ice devils (IceCv)
  3 hornets
  4 trolls
  Grinder (D:3)
  Prince Ribbit (D:9)
  3 hippogriffs
  A shadow (D:14)
  11 yaks
  A vampire (D:11)
  A wyvern (D:14)
  3 water elementals (D:14)
  A steam dragon (D:12)
  2 vampire mosquitoes (D:14)
  A human zombie (D:15)
  A porcupine (Lair:1)
  Duvessa (D:7)
  2 hell hounds (D:9)
  5 sky beasts
  19 orc warriors
  2 eyes of draining
  3 phantoms
  15 ice beasts
  6 ogres
  5 centaurs
  A big kobold (D:12)
  5 bullfrogs
  Dowan (D:7)
  A wyvern skeleton (D:14)
  2 scorpions
  9 killer bees
  4 wights (D:8)
  2 howler monkeys (D:8)
  8 bullfrog zombies
  5 crimson imps
  4 jellies
  3 centaur zombies
  20 mummies (Ossuary)
  A quasit (D:9)
  7 orc priests
  3 hounds
  2 bullfrog skeletons
  4 iguanas
  15 orc wizards
  9 worker ants
  A killer bee zombie (Ossuary)
  2 hound skeletons
  3 hound zombies
  Robin (D:4)
  2 howler monkey zombies
  12 adders
  7 shadow imps
  5 white imps (IceCv)
  10 ufetubi (IceCv)
  7 oozes
  An adder zombie (D:6)
  2 adder skeletons
  6 dart slugs
  2 leopard geckos
  84 orcs
  7 bats
  8 giant cockroaches
  9 goblins
  6 hobgoblins
  5 jackals
  9 kobolds
  4 quokkas
  5 frilled lizards
  A jackal skeleton (D:5)
  A quokka skeleton (D:6)
  4 quokka zombies
  9 rats
448 creatures vanquished.

Vanquished Creatures (others)
  A bullfrog (D:6)
  A worker ant (D:6)
  A white imp (IceCv)
  2 ufetubi (IceCv)
  A giant cockroach (D:5)
  3 kobolds (D:12)
  A withered plant (Ossuary)
10 creatures vanquished.

Grand Total: 458 creatures vanquished

Notes
Turn   | Place    | Note
-------+----------+-------------------------------------------
     0 | D:1      | KleinerIrrer the Gargoyle Fighter began the quest for the Orb.
     0 | D:1      | Reached XP level 1. HP: 14/14 MP: 1/1
   213 | D:1      | Reached XP level 2. HP: 19/19 MP: 2/2
   837 | D:2      | Reached XP level 3. HP: 23/23 MP: 3/3
  1231 | D:2      | Found a deep blue altar of Sif Muna.
  1673 | D:3      | Reached XP level 4. HP: 21/29 MP: 4/4
  1932 | D:3      | Noticed Grinder
  1944 | D:3      | Paralysed by Grinder for 3 turns
  1949 | D:3      | Killed Grinder
  1949 | D:3      | Reached skill level 3 in Maces & Flails
  1949 | D:3      | Reached skill level 1 in Dodging
  1949 | D:3      | Reached XP level 5. HP: 11/33 MP: 5/5
  1949 | D:3      | Reached XP level 6. HP: 12/38 MP: 6/6
  2258 | D:3      | Found an iron altar of Okawaru.
  2315 | D:3      | Reached skill level 4 in Maces & Flails
  2530 | D:3      | Became a worshipper of Warmaster Okawaru
  2818 | D:4      | Found a hide-covered altar of Uskayaw.
  2874 | D:4      | Noticed a sky beast
  2923 | D:4      | Noticed Robin
  2945 | D:4      | Killed Robin
  3006 | D:4      | Found a burning altar of Makhleb.
  3075 | D:4      | Killed a sky beast
  3075 | D:4      | Reached XP level 7. HP: 43/43 MP: 7/7
  3121 | D:4      | Found Litor's Antique Armour Shoppe.
  3172 | D:4      | Found a staircase to the Ecumenical Temple.
  3246 | D:4      | Reached skill level 5 in Maces & Flails
  3294 | D:4      | Reached * piety under Okawaru
  3294 | D:4      | Reached skill level 5 in Armour
  3747 | D:5      | Entered Level 5 of the Dungeon
  3776 | D:5      | Reached skill level 5 in Shields
  3869 | D:5      | Reached skill level 1 in Invocations
  3986 | D:5      | Reached XP level 8. HP: 44/48 MP: 9/9
  4132 | D:5      | Reached skill level 6 in Maces & Flails
  4179 | D:5      | Noticed Pikel
  4206 | D:5      | Killed Pikel
  4206 | D:5      | Reached skill level 7 in Maces & Flails
  4210 | D:5      | Reached skill level 5 in Fighting
  4439 | D:5      | Reached ** piety under Okawaru
  4589 | D:5      | Reached XP level 9. HP: 54/54 MP: 11/11
  4659 | D:6      | Found Nuweivve's Distillery.
  4665 | D:6      | Bought a potion of berserk rage for 60 gold pieces
  4665 | D:6      | Bought a potion of haste for 120 gold pieces
  4670 | D:6      | Found Deifeano's Antique Weapon Emporium.
  5127 | D:6      | Reached skill level 8 in Maces & Flails
  5486 | D:6      | Found Awkag's Jewellery Shoppe.
  5610 | D:6      | Found Yhant's Antique Armour Shop.
  6309 | D:7      | Noticed Duvessa
  6309 | D:7      | Noticed Dowan
  6326 | D:7      | Killed Duvessa
  6329 | D:7      | Killed Dowan
  6702 | D:7      | Reached *** piety under Okawaru
  6807 | D:7      | Reached XP level 10. HP: 28/60 MP: 13/13
  6828 | D:7      | Reached skill level 9 in Maces & Flails
  7141 | D:8      | Noticed a two-headed ogre
  7153 | D:8      | Killed a two-headed ogre
  7158 | D:8      | Reached **** piety under Okawaru
  7318 | D:8      | Noticed Erica
  7452 | D:8      | Killed Erica
  7452 | D:8      | Reached skill level 5 in Invocations
  7469 | D:8      | Found a sand-covered staircase.
  7492 | Ossuary  | Entered an ossuary
  7517 | Ossuary  | Reached ***** piety under Okawaru
  7620 | Ossuary  | Reached skill level 10 in Maces & Flails
  8021 | D:8      | Found a hazy altar of Hepliaklqana.
  8257 | D:9      | Found a staircase to the Lair.
  8271 | D:9      | Reached XP level 11. HP: 56/66 MP: 15/15
  8290 | D:9      | Received a gift from Okawaru
  8448 | D:9      | Found a staircase to the Orcish Mines.
  8451 | D:9      | Noticed Prince Ribbit
  8457 | D:9      | Killed Prince Ribbit
  8611 | D:9      | Received a gift from Okawaru
  8664 | D:9      | Found a radiant altar of Vehumet.
  8749 | Lair:1   | Entered Level 1 of the Lair of Beasts
  9242 | D:9      | Found a radiant altar of Vehumet.
  9270 | D:10     | Entered Level 10 of the Dungeon
  9316 | D:9      | Reached skill level 11 in Maces & Flails
  9612 | D:10     | Found a shimmering altar of Xom.
 10593 | D:11     | Noticed a tengu warrior
 10619 | D:11     | Killed a tengu warrior
 11043 | D:11     | Reached XP level 12. HP: 72/72 MP: 16/16
 11135 | D:11     | Received a gift from Okawaru
 11228 | D:11     | Noticed a two-headed ogre
 11240 | D:11     | Killed a two-headed ogre
 11240 | D:11     | Reached skill level 12 in Maces & Flails
 11288 | D:11     | Got a distressingly furry leather armour
 11369 | D:11     | Identified the +2 leather armour "Atefix" {+Blink Str-2 Int-2 Dex+9} (You found it on level 11 of the Dungeon)
 11906 | D:12     | Found a flagged portal.
 11928 | D:12     | Reached skill level 10 in Armour
 12037 | Bailey   | Entered a bailey
 12044 | Bailey   | Noticed Toogi's ghost (novice DEEE)
 12090 | Bailey   | Killed Toogi's ghost
 12499 | D:12     | You fall through a shaft for 3 floors!
 12499 | D:15     | Entered Level 15 of the Dungeon
 12553 | D:15     | Reached skill level 10 in Shields
 12825 | D:15     | Noticed a vampire mage
 12849 | D:15     | Killed a vampire mage
 12851 | D:15     | Found a staircase to the Depths.
 13142 | D:15     | Noticed a two-headed ogre
 13157 | D:15     | Killed a two-headed ogre
 13193 | D:15     | Noticed a two-headed ogre
 13195 | D:15     | Noticed an ogre mage
 13211 | D:14     | Received a gift from Okawaru
 13241 | D:14     | Reached XP level 13. HP: 60/78 MP: 18/18
 13244 | D:14     | Identified a scroll of acquirement
 13256 | D:14     | Identified a +2 pair of boots of running (You acquired it on level 14 of the Dungeon)
 13262 | D:14     | Found a stormy altar of Qazlal.
 13468 | D:14     | Reached skill level 13 in Maces & Flails
 13563 | D:14     | Reached ****** piety under Okawaru
 13574 | D:14     | Found a frozen archway.
 13633 | IceCv    | Entered an ice cave
 14614 | IceCv    | Noticed a reaper
 14663 | IceCv    | Mangled by a reaper

Skill      XL: |  1  2  3  4  5  6  7  8  9 10 11 12 13 |
---------------+----------------------------------------+-----
Shields        | 4 5 7 9 10 11 | 11.2
Fighting       | 4 5 6 7 8 |  8.6
Maces & Flails | 3 4 5 7 8 10 11 12 13 | 13.2
Armour         | 4 5 7 8 9 10 11 | 11.0
Dodging        | 1 2 3 4 |  4.8
Invocations    | 1 3 4 5 6 7 8 |  8.8
Stealth        | |  0.2

Action                   |  1- 3 |  4- 6 |  7- 9 | 10-12 | 13-15 || total
-------------------------+-------+-------+-------+-------+-------++-------
Melee: Flail             |   164 |   217 |       |       |       ||   381
       Whip              |       |    10 |   512 |  1445 |   482 ||  2449
Invok: Heroism           |       |       |       |     9 |     6 ||    15
       Finesse           |       |       |       |     4 |     3 ||     7
  Use: Scroll            |     2 |    14 |     3 |    12 |     1 ||    32
       Potion            |       |     1 |     2 |     5 |     3 ||    11
  Eat: Chunk             |     3 |     5 |     8 |    16 |       ||    32
       Bread ration      |       |       |     1 |     2 |     1 ||     4
Armor: Scale mail        |   108 |     6 |       |       |       ||   114
       Chain mail        |       |   144 |   207 |   147 |       ||   498
       Ring mail         |       |       |       |   245 |   118 ||   363
Dodge: Dodged            |    59 |    62 |   105 |   302 |   147 ||   675
       Deflected         |       |       |       |    21 |       ||    21
Block: Shield            |    89 |   122 |   240 |   562 |   243 ||  1256
